 Dungeon Crawl Stone Soup version 0.22.0-6-g71bd7aa (webtiles) character file.

830 Lew the Chopper (level 7, -1/62 HPs)
             Began as a Hill Orc Fighter on Aug 14, 2018.
             Succumbed to a killer bee's poison
             ... on level 7 of the Dungeon.
             The game lasted 00:07:53 (4907 turns).

Lew the Chopper (Hill Orc Fighter)                  Turns: 4907, Time: 00:07:54

Health: -1/62      AC:  9    Str: 25    XL:     7   Next: 97%
Magic:  7/7        EV:  7    Int:  8    God:
Gold:   266        SH: 14    Dex:  9    Spells: 6/6 levels left

rFire    . . .     SeeInvis .   a - +0 war axe
rCold    . . .     Gourm    .   c - +0 shield
rNeg     . . .     Faith    .   e - +0 chain mail
rPois    .         Spirit   .   (no helmet)
rElec    .         Reflect  +   (no cloak)
rCorr    .         Harm     .   (no gloves)
MR       .....                  (no boots)
Stlth    ..........             j - +4 amulet of reflection
HPRegen  0.20/turn              i - ring of wizardry
MPRegen  0.10/turn              (no ring)

@: mighty, lethally poisoned (-1 -> -23)
A: blurry vision 1, clumsy 1, sturdy frame 1
a: no special abilities


You were on level 7 of the Dungeon.
You were not hungry.

You visited 2 branches of the dungeon, and saw 8 of its levels.

You collected 266 gold pieces.

Inventory:

Hand Weapons
 a - a +0 war axe (weapon)
Armour
 c - a +0 shield (worn)
 e - a +0 chain mail (worn)
Jewellery
 i - a ring of wizardry (left hand)
 j - a +4 amulet of reflection (around neck)
Wands
 o - a wand of flame (27)
 q - a wand of iceblast (4)
Scrolls
 h - 2 scrolls of blinking
 k - a scroll of teleportation {unknown}
 l - a scroll of enchant weapon
 n - 4 scrolls of identify
 r - a scroll of amnesia
 s - a scroll of fear {unknown}
Potions
 b - 3 potions of curing {unknown}
 d - a potion of might
 g - 2 potions of flight
 p - 2 potions of heal wounds {unknown}
 t - a potion of lignification {unknown}
 v - a potion of cancellation {unknown}
Comestibles
 m - 7 rations


   Skills:
 + Level 5.8 Fighting
 * Level 7.6 Axes
 + Level 5.3 Armour
 + Level 5.3 Shields


You had 6 spell levels left.
You didn't know any spells.
Your spell library was empty.

Dungeon Overview and Level Annotations

Branches:
Dungeon (8/15)             Temple (1/1) D:5
   Lair: D:8-11

Altars:
Ashenzari
Cheibriados
Dithmenos
Elyvilon
Fedhas
Gozag
Hepliaklqana
Kikubaaqudgha
Makhleb
Nemelex Xobeh
Ru
Sif Muna
Trog
Uskayaw
Vehumet
Wu Jian
Xom
Yredelemnul
Zin
The Shining One


Innate Abilities, Weirdness & Mutations

Scrolls take you a little longer to read.
You are clumsy. (Dex -2)
Your movements are slightly less encumbered by armour. (ER -2)


Message History

* * * LOW HITPOINT WARNING * * *
You are more poisoned.
The killer bee poisons you! You block the killer bee's attack.
The killer bee stings you but does no damage.
Really read with blurry vision while enemies are nearby? [Y]es or [N]o only, please.
Really read with blurry vision while enemies are nearby? [Y]es or [N]o only, please.
Really read with blurry vision while enemies are nearby? [Y]es or [N]o only, please.
Really read with blurry vision while enemies are nearby?
* * * LOW HITPOINT WARNING * * *
You feel sick.
The killer bee stings you but does no damage.
You block the killer bee's attack. The killer bee barely misses you.
The killer bee stings you.
* * * LOW HITPOINT WARNING * * *
The killer bee completely misses you. The killer bee barely misses you.
You begin reading the scroll.
You continue reading the scroll.
You die...

....#..........#......#........
....#######+####.....##........
.............###.....########+#
.............#.......#
.............#.......#
.............+.......#
.............##########
...............y......##
#############..y@y......
#.Kyyy...... #...........
#........... #K..........
......###### K...)..# ........#


You could see a big kobold, 6 killer bees and 2 kobolds.

Vanquished Creatures
  An ice beast (D:5)
  An ogre (D:7)
  A howler monkey (D:4)
  4 crimson imps
  A centaur zombie (D:5)
  Jessica (D:3)
  3 iguanas
  Natasha (D:2)
  3 worker ants
  A hound skeleton (D:4)
  4 gnolls (D:3)
  8 adders
  An ooze (D:2)
  4 worms
  3 dart slugs
  2 leopard geckos
  3 orcs (D:4)
  2 ball pythons (D:1)
  2 giant cockroaches
  7 goblins
  7 hobgoblins
  20 jackals
  2 quokkas
  7 bats
  3 frilled lizards
  A jackal skeleton (D:4)
  8 kobolds
  A quokka skeleton (D:5)
  11 rats
113 creatures vanquished.

Notes
Turn   | Place    | Note
-------+----------+-------------------------------------------
     0 | D:1      | Lew the Hill Orc Fighter began the quest for the Orb.
     0 | D:1      | Reached XP level 1. HP: 19/19 MP: 1/1
   116 | D:1      | Reached skill level 3 in Axes
   326 | D:1      | Reached XP level 2. HP: 27/27 MP: 2/2
  1377 | D:2      | Noticed a crimson imp
  1388 | D:2      | Reached XP level 3. HP: 33/33 MP: 3/3
  1391 | D:2      | Reached skill level 4 in Axes
  1391 | D:2      | Reached XP level 4. HP: 40/40 MP: 4/4
  1723 | D:2      | Noticed Natasha
  1727 | D:2      | Killed Natasha
  1727 | D:2      | Reached XP level 5. HP: 47/47 MP: 5/5
  2125 | D:2      | Found a white marble altar of Elyvilon.
  2359 | D:2      | Reached skill level 5 in Axes
  2744 | D:3      | Reached XP level 6. HP: 48/53 MP: 6/6
  2873 | D:3      | Gained mutation: Scrolls take you a little longer to read. [potion of mutation]
  2873 | D:3      | Gained mutation: You are clumsy. (Dex -2) [potion of mutation]
  2873 | D:3      | Gained mutation: Your movements are slightly less encumbered by armour. (ER -2) [potion of mutation]
  3097 | D:3      | Noticed Jessica
  3117 | D:3      | Killed Jessica
  3169 | D:3      | Found a hide-covered altar of Uskayaw.
  3278 | D:4      | Found a sacrificial altar of Ru.
  3284 | D:4      | Reached skill level 5 in Fighting
  3284 | D:4      | Reached skill level 6 in Axes
  3683 | D:4      | Found an ornate altar of the Wu Jian Council.
  3699 | D:4      | Reached XP level 7. HP: 51/61 MP: 7/7
  4091 | D:5      | Entered Level 5 of the Dungeon
  4123 | D:5      | Reached skill level 5 in Armour
  4168 | D:5      | Found a staircase to the Ecumenical Temple.
  4178 | Temple   | Entered the Ecumenical Temple
  4265 | D:5      | Reached skill level 7 in Axes
  4265 | D:5      | Reached skill level 5 in Shields
  4429 | D:5      | Found a glowing silver altar of Zin.
  4430 | D:5      | Found a sparkling altar of Nemelex Xobeh.
  4582 | D:5      | You fall through a shaft for 3 floors!
  4906 | D:7      | HP: 2/62 [killer bee (2)]
  4907 | D:7      | Succumbed to a killer bee's poison

Skill      XL: |  1  2  3  4  5  6  7 |
---------------+----------------------+-----
Axes           | 3 4 5 6 7 |  7.6
Fighting       | 4 5 |  5.8
Armour         | 4 5 |  5.3
Shields        | 4 5 |  5.3

Action                   |  1- 3 |  4- 6 |  7- 9 || total
-------------------------+-------+-------+-------++-------
Melee: War axe           |    59 |   241 |    72 ||   372
  Use: Scroll            |       |     9 |       ||     9
       Potion            |       |     2 |     3 ||     5
  Eat: Ration            |     1 |       |     1 ||     2
       Chunk             |       |     6 |     3 ||     9
Armor: Chain mail        |    30 |   136 |    51 ||   217
       Scale mail        |     4 |       |       ||     4
Dodge: Dodged            |    13 |    54 |    35 ||   102
Block: Shield            |    32 |   152 |    82 ||   266
